 Dungeon Crawl Stone Soup version 0.29-a0-330-g52719c12eb (webtiles) character file.

Game seed: 6433641527250105604

2323 kae the Firebug (level 8, -1/67 HPs)
             Began as a Demigod Fire Elementalist on Apr 21, 2022.
             Engulfed by a steam dragon's steam (11 damage)
             ... on level 6 of the Dungeon.
             The game lasted 00:05:27 (6308 turns).

kae the Firebug (Demigod Fire Elementalist)         Turns: 6308, Time: 00:05:27

Health: -1/67      AC:  4    Str:  9    XL:     8   Next: 99%
Magic:  15/18      EV: 15    Int: 25    God:
Gold:   418        SH:  3    Dex: 14    Spells: 3/16 levels left

rFire   . . .      SeeInvis .   g - +2 whip (venom)
rCold   . . .      Faith    .   z - +0 buckler
rNeg    . . .      Spirit   .   a - +1 robe
rPois   .          Reflect  .   (no helmet)
rElec   .          Harm     .   (no cloak)
rCorr   .          Rampage  .   h - +0 pair of gloves
Will    .....                   (no boots)
Stlth   ++........              f - amulet of magic regeneration
HPRegen 0.21/turn               n - +4 ring of evasion
MPRegen 0.56/turn               w - ring of wizardry

@: no status effects
A: high MP 1, forlorn, divine attributes
a: no special abilities


You were on level 6 of the Dungeon.
You visited 2 branches of the dungeon, and saw 7 of its levels.

You collected 418 gold pieces.

Inventory:

Hand Weapons
 g - a +2 whip of venom (weapon)
Missiles
 v - a throwing net
Armour
 a - a +1 robe (worn)
 h - a +0 pair of gloves (worn)
 z - a +0 buckler (worn)
Jewellery
 f - an amulet of magic regeneration (around neck)
 n - a +4 ring of evasion (left hand)
 w - a ring of wizardry (right hand)
 y - an amulet of regeneration
Scrolls
 e - 3 scrolls of magic mapping
 i - 4 scrolls of identify
 q - 4 scrolls of teleportation
 s - a scroll of blinking {unknown}
 t - a scroll of immolation {unknown}
 x - a scroll of fog {unknown}
 A - a scroll of noise {unknown}
 B - a scroll of silence {unknown}
Potions
 b - a potion of magic
 c - a potion of heal wounds
 d - 4 potions of curing
 j - a potion of berserk rage {unknown}
 l - 3 potions of brilliance {unknown}
 m - a potion of degeneration {unknown}
 o - a potion of haste {unknown}
 p - 2 potions of mutation {unknown}
 r - 2 potions of flight {unknown}
 u - a potion of resistance {unknown}


   Skills:
 + Level 4.8 Fighting
 - Level 1.7 Dodging
 - Level 1.7 Stealth
 + Level 4.9 Spellcasting
 + Level 5.0 Conjurations
 * Level 7.6 Fire Magic


You had 3 spell levels left.
You knew the following spells:

 Your Spells              Type           Power      Damage    Failure   Level
a - Foxfire               Conj/Fire      100%       2x1d9     1%          1
b - Scorch                Fire           88%        2d9       1%          2
c - Conjure Flame         Conj/Fire      37%        6-21      1%          3
d - Inner Flame           Hex/Fire       25%        N/A       2%          3
e - Flame Wave            Conj/Fire      37%        2d9       3%          4

Your spell library contained the following spells:

 Spells                   Type           Power      Damage    Failure   Level
 Static Discharge         Conj/Air       18%        N/A       2%          2
 Lightning Bolt           Conj/Air       9%         1d21      41%         5
 Maxwell's Capacitive Co  Air            3%         ∞         100%        8


Dungeon Overview and Level Annotations

Branches:
Dungeon (6/15)             Temple (1/1) D:5

Shops:
D:2 [


Innate Abilities, Weirdness & Mutations

You have an increased reservoir of magic. (+10% MP)
You shall have no god before yourself.
Your divine heritage dramatically boosts your attributes as you level up.


Message History

Confirm with . or Enter, or press ? or * to list all spells.
You conjure some foxfire!
The foxfire hits the adder.
You kill the adder!
The steam dragon breathes steam at you. The ball of steam hits your foxfire.
Your foxfire resists.
The ball of steam hits you!!
Casting: Foxfire (safe; 1% risk of failure)
Confirm with . or Enter, or press ? or * to list all spells.
You conjure some foxfire!
You are engulfed in a cloud of scalding steam.
You are engulfed in a cloud of scalding steam.
Your foxfire dissipates!
The foxfire hits the steam dragon.
The steam dragon is moderately wounded.
A hound comes into view.
Casting: Foxfire (safe; 1% risk of failure)
Confirm with . or Enter, or press ? or * to list all spells.
You conjure some foxfire!
The foxfire hits the steam dragon but does no damage.
The steam dragon is moderately wounded.
A steam dragon comes into view.
The foxfire hits the steam dragon.
The steam dragon is moderately wounded.
The foxfire hits the steam dragon.
The steam dragon is heavily wounded.
The steam dragon breathes steam at you.
The ball of steam hits the steam dragon.
The steam dragon resists.
The ball of steam hits you!
* * * LOW HITPOINT WARNING * * *
Casting: Foxfire (safe; 1% risk of failure)
Confirm with . or Enter, or press ? or * to list all spells.
Flames lash the steam dragon.
The steam dragon is almost dead.
The steam dragon's fire resistance burns away.
You are engulfed in a cloud of scalding steam.
* * * LOW HITPOINT WARNING * * *
You are engulfed in a cloud of scalding steam.
You die...

#.. .....# .# ..# #
##.$.# .#. #.#.#
#......#.# #.#.#
#...#..... #...#
##.......# #†###
##......#. #.#####)##
##:...#...#
#........####.......#..#
#.......@§D§'h..........#
####.#...####†D.......s..
#.##.## ##.§...#.### #
### ##........ ##.D......
##...#..# ### .#...#
#...K...#.. #.##.....K#


You could see a steam dragon (combustible).

Vanquished Creatures
  Pikel (D:4)
  A komodo dragon (D:6)
  A black bear (D:6)
  An ice beast (D:6)
  2 ogres (D:6)
  A centaur (D:4)
  2 phantoms
  A kobold brigand (D:6)
  2 lemures
  A necrophage (D:4)
  A bullfrog (D:6)
  3 scorpions
  A howler monkey (D:6)
  3 hounds (D:6)
  2 orc priests
  A jelly (D:6)
  5 orc wizards
  An iguana (D:6)
  12 gnolls (D:4)
  4 adders
  A shadow imp (D:4)
  2 dart slugs
  17 orcs
  8 ball pythons
  8 bats
  3 endoplasms
  5 giant cockroaches
  5 goblins
  6 hobgoblins
  10 jackals
  5 kobolds
  4 quokkas
  3 frilled lizards
  6 rats
129 creatures vanquished.

Vanquished Creatures (others)
  405 foxfires
  4 toadstools (D:1)
409 creatures vanquished.

Grand Total: 538 creatures vanquished

Notes
Turn   | Place    | Note
-------+----------+-------------------------------------------
     0 | D:1      | kae the Demigod Fire Elementalist began the quest for the
                  | Orb.
     0 | D:1      | Reached XP level 1. HP: 14/14 MP: 5/5
    80 | D:1      | Reached skill level 1 in Conjurations
   570 | D:1      | Reached skill level 3 in Fire Magic
   570 | D:1      | Reached XP level 2. HP: 22/22 MP: 4/7
   693 | D:1      | Learned a level 2 spell: Scorch
  1431 | D:2      | Reached XP level 3. HP: 27/27 MP: 5/8
  1561 | D:2      | Found Bevucen's Armour Emporium.
  1588 | D:2      | Reached skill level 1 in Fighting
  1734 | D:2      | Learned a level 3 spell: Conjure Flame
  2891 | D:4      | Noticed a phantom
  2903 | D:4      | Killed a phantom
  2904 | D:4      | Reached XP level 4. HP: 36/36 MP: 6/10
  2946 | D:4      | Reached skill level 4 in Fire Magic
  2963 | D:4      | Reached XP level 5. HP: 41/41 MP: 9/11
  3017 | D:4      | Noticed Pikel
  3307 | D:4      | Noticed a centaur
  3481 | D:4      | Killed a centaur
  3775 | D:4      | Reached XP level 6. HP: 48/48 MP: 13/13
  3872 | D:4      | Learned a level 3 spell: Inner Flame
  4081 | D:4      | Killed Pikel
  4082 | D:4      | Reached skill level 5 in Fire Magic
  4082 | D:4      | Reached XP level 7. HP: 57/57 MP: 10/15
  4470 | D:5      | Entered Level 5 of the Dungeon
  4523 | D:5      | Reached skill level 6 in Fire Magic
  4865 | D:5      | Found a staircase to the Ecumenical Temple.
  5081 | Temple   | Entered the Ecumenical Temple
  5087 | Temple   | Learned a level 4 spell: Flame Wave
  5195 | D:6      | Reached XP level 8. HP: 66/66 MP: 17/17
  5821 | D:6      | Reached skill level 7 in Fire Magic
  5968 | D:6      | Noticed a komodo dragon
  6138 | D:6      | Killed a komodo dragon
  6293 | D:6      | Reached skill level 5 in Conjurations
  6308 | D:6      | Engulfed by a steam dragon's steam

Illustrated notes

Levels and vault maps discovered:
D:1:      nicolae_arrival_somewhat_less_tricky_arrival, layout_basic,
          hangedman_glass_teeth, minmay_gold_behind_fungi,
          corexii_leaking_fountain, minmay_box_of_dots
D:2:      minmay_wonky_spiral, layout_loops_ring, serial_shops, shop,
          shapermc_ecumenical_altar_venn, basic_altar, kennysheep_nondescript,
          kennysheep_generic_room_3
D:3:      layout_basic, kennysheep_okawaru_gauntlet, nicolae_uskayaw_dance_hall,
          cheibrodos_ashenzari_chains, fedhas_altar_2
D:4:      layout_loops_ring, uniq_pikel
D:5:      layout_cave_pools, minmay_temple_entry_overgrown
D:6:      layout_loops_corners, minmay_increasing_density
Temple:   compressed_dpeg_circular_temple

Skill      XL: |  1  2  3  4  5  6  7  8 |
---------------+-------------------------+-----
Conjurations   | 1 2 3 5 |  5.0
Fire Magic     | 3 4 5 6 7 |  7.6
Spellcasting   | 2 3 4 |  4.9
Fighting       | 1 2 3 4 |  4.8
Dodging        | |  1.7
Stealth        | |  1.7

Action                   |  1- 3 |  4- 6 |  7- 9 || total
-------------------------+-------+-------+-------++-------
Melee: Whip              |     4 |    29 |       ||    33
 Cast: Foxfire           |   106 |    51 |   110 ||   267
       Scorch            |     8 |     8 |    19 ||    35
       Conjure Flame     |       |     1 |     8 ||     9
  Use: Scroll            |     8 |       |     1 ||     9
       Potion            |       |       |     1 ||     1
Armor: Robe              |     6 |    14 |    13 ||    33
Dodge: Dodged            |    12 |    46 |    40 ||    98
Block: Buckler           |       |       |     2 ||     2

Table legend: (Time is in decaauts)
 A = Elapsed time spent in this place.
 B = Non-inter-level travel time spent in this place.
 C = Inter-level travel time spent in this place.
 D = Time resting spent in this place.
 E = Time spent auto-exploring this place.
 F = Levels seen in this place.
 G = Mean time per level.
                   A        B        C        D        E       F      G
               +--------+--------+--------+--------+--------+-----+--------+
         Total |   6316 |   6180 |    136 |    529 |   4560 |   7 |  902.3 |
       Dungeon |   6310 |   6175 |    135 |    529 |   4560 |   6 | 1051.7 |
        Temple |      6 |      5 |      1 |      0 |      0 |   1 |    6.0 |
               +--------+--------+--------+--------+--------+-----+--------+

Top non-repeatable levels by time:
     D:4: 1516 daAuts
     D:1: 1368 daAuts
     D:6: 1108 daAuts
     D:3: 795 daAuts
     D:2: 792 daAuts
     D:5: 728 daAuts
  Temple: 6 daAuts
